Map: Site Delta LE

Players

FarmerBoi

  • Race: Protoss Protoss
  • League: Master
  • Spawn Location: 11:00

ZaRDieNT - Winner!

  • Race: Terran Terran
  • League: Master
  • Spawn Location: 5:00

VOD

Have the link to the VOD?

Description

Time

  • Played on: July 22, 2024, 2:58 a.m.
  • Length: 6:44
Show
View Real Time Build Order
Export as new Build Order

FarmerBoi Protoss 

Build Orders: 1 Gate Expand, Blink Stalkers 

Get SALT Encoding   

  12  0:00  Probe  
  13  0:12  Probe  
  14  0:17  Pylon  
  14  0:24  Probe (Chrono Boost)  
  16  0:36  Gateway  
  16  0:37  Probe (Chrono Boost)  
  16  0:43  Probe (Chrono Boost)  
  16  0:45  Assimilator  
  17  0:51  Probe  
  18  1:03  Probe  
  19  1:15  Probe  
  20  1:24  Nexus  
  20  1:32  Cybernetics Core  
  20  1:37  Probe  
  21  1:41  Assimilator  
  21  1:49  Probe  
  21  1:50  Pylon  
  22  2:02  Probe  
  22  2:05  Adept (Chrono Boost)  
  25  2:09  Warp Gate  
  25  2:14  Probe  
  26  2:17  Robotics Facility  
  26  2:26  Probe (Chrono Boost)  
  26  2:28  Adept  
  29  2:36  Probe (Chrono Boost)  
  31  2:44  Probe (Chrono Boost)  
  31  2:45  Probe (Chrono Boost)  
  31  2:46  Twilight Council  
  31  2:50  Probe (Chrono Boost)  
  32  2:51  Probe  
  34  2:58  Stalker  
  36  3:08  Observer  
  36  3:10  Probe x2  
  39  3:19  Blink (Chrono Boost)  
  39  3:22  Probe x2  
  39  3:26  Shield Battery  
  38  3:29  Gateway  
  38  3:34  Probe  
  39  3:35  Probe  
  39  3:38  Assimilator  
  40  3:41  Pylon  
  40  3:46  Probe  
  40  3:47  Probe  
  42  3:52  Observer  
  42  3:57  Stalker  
  44  4:03  Nexus  
  44  4:08  Probe x2  
  46  4:14  Observer  
  46  4:20  Probe x2  
  46  4:22  Pylon  
  46  4:24  Stalker x2  
  50  4:29  Gateway  
  52  4:32  Probe x2  
  52  4:37  Pylon  
  54  4:39  Observer  
  54  4:43  Forge  
  55  4:46  Shield Battery  
  55  4:54  Shield Battery  
  55  4:56  Shield Battery  
  55  4:57  Observer  
  55  4:58  Pylon, Observer  
  56  5:03  Stalker x2  
  56  5:07  Probe x2  
  62  5:14  Immortal (Chrono Boost)  
  62  5:20  Probe x2  
  68  5:21  Probe  
  69  5:34  Stalker x2  
  69  5:35  Stalker  
  75  5:38  Probe x2  
  75  5:39  Probe  
  78  5:47  Immortal (Chrono Boost)  
  82  5:57  Gateway  
  82  6:00  Stalker  
  82  6:03  Gateway, Stalker  
  86  6:08  Stalker  
  86  6:10  Probe x2  
  61  6:39  Stalker x3  
Show
View Real Time Build Order
Export as new Build Order

ZaRDieNT Terran - Winner!

Build Orders: 2 Factory, Cyclone Opening, Gas First Reaper Expand 

Get SALT Encoding   

  12  0:00  SCV  
  13  0:12  SCV  
  14  0:17  Supply Depot  
  14  0:24  SCV  
  15  0:28  Refinery  
  15  0:39  SCV  
  16  0:44  Barracks  
  16  0:51  SCV  
  17  1:03  SCV  
  18  1:15  SCV  
  19  1:31  Orbital Command, Reaper  
  20  1:43  Command Center  
  20  1:53  Factory  
  20  1:57  SCV  
  21  2:03  Refinery  
  21  2:06  Barracks Reactor  
  21  2:09  SCV  
  21  2:14  Supply Depot  
  22  2:23  SCV  
  23  2:45  Cyclone  
  23  2:46  Cyclone  
  23  2:47  SCV  
  28  2:57  Orbital Command  
  28  2:59  SCV  
  28  3:01  Factory  
  28  3:03  Barracks Tech Lab  
  29  3:11  SCV  
  29  3:23  SCV  
  29  3:25  Cyclone  
  29  3:26  Cyclone  
  34  3:27  SCV  
  34  3:35  SCV  
  35  3:42  SCV  
  35  3:48  SCV  
  37  3:53  Supply Depot  
  37  3:54  SCV  
  38  3:56  Refinery  
  38  3:58  Cyclone x2  
  38  3:59  Factory  
  42  4:03  SCV  
  42  4:06  SCV  
  44  4:15  Barracks Reactor, Cyclone  
  44  4:17  SCV  
  47  4:18  SCV  
  47  4:22  Supply Depot  
  48  4:29  Hurricane Engines, SCV  
  48  4:30  SCV  
  50  4:40  Cyclone x2  
  50  4:43  SCV x2  
  56  4:46  Supply Depot  
  56  4:55  SCV  
  56  4:56  Cyclone x2  
  56  4:57  SCV  
  62  5:07  Cyclone, SCV  
  62  5:09  SCV  
  62  5:11  Supply Depot  
  65  5:14  Cyclone  
  65  5:17  Cyclone  
  69  5:24  Supply Depot  
  69  5:33  Cyclone x2  
  73  5:39  Cyclone  
  73  5:41  SCV  
  76  5:46  Cyclone  
  76  5:49  Cyclone, SCV  
  81  5:53  SCV  
  81  5:54  Supply Depot  
  82  6:05  Cyclone  
  82  6:07  Cyclone  
Tags
 
Add a new tag
Caveats
  • Supply blocks, unpowered buildings, or Contaminate may cause inaccurate times.
  • Supply counts are checked every 10 seconds.